 Dungeon Crawl Stone Soup version 0.19.4-25-g1b72edd (webtiles) character file.

381263 MirrMurr the Imperceptible (level 21, -5/112 HPs)
             Began as a Spriggan Enchanter on Feb 25, 2017.
             Was the Champion of Dithmenos.
             Slain by a fire giant
             ... wielding a +1 great sword of flaming
              (9 damage)
             ... on level 3 of the Depths on Mar 1, 2017.
             The game lasted 05:44:13 (72768 turns).

MirrMurr the Imperceptible (Spriggan Enchanter)    Turns: 72768, Time: 05:44:14

Health: -5/112     AC: 14    Str:  6    XL:     21   Next: 90%
Magic:  10/40      EV: 33    Int: 23    God:    Dithmenos [******]
Gold:   589        SH: 10    Dex: 18    Spells: 10 memorised, 22 levels left

rFire  . . .     SeeInvis +     b - +9 rapier "Zolub" {speed, rElec}
rCold  + . .     Gourm    .     E - +2 mottled dragon scales
rNeg   . . .     Faith    .     U - +2 buckler
rPois  .         Spirit   .     (helmet restricted)
rElec  +         Reflect  .     F - +0 cloak
rCorr  .         Harm     .     (gloves unavailable)
MR     +++..                    (boots unavailable)
Stlth  ++++++++++               y - amulet of magic regeneration
                                G - +2 ring of protection
                                Z - ring of protection from cold

@: wreathed by umbra, very quick
A: unfitting armour, see invisible, herbivore 3, speed 3, slow metabolism 2
a: Shadow Step, Shadow Form, Renounce Religion
}: 2/15 runes: decaying, gossamer


You were on level 3 of the Depths.
You worshipped Dithmenos.
Dithmenos was exalted by your worship.
You were not hungry.

You visited 9 branches of the dungeon, and saw 40 of its levels.
You visited 1 bazaar.
You also visited: Sewer.

You collected 4826 gold pieces.
You spent 4237 gold pieces at shops.

Inventory:

Hand Weapons
 a - a +2 dagger of freezing
 b - the +9 rapier "Zolub" (weapon) {speed, rElec}
   (You bought it in a shop on level 1 of the Vaults)

   Attacks with this weapon are significantly faster.
   It insulates you from electricity.
 w - a +0 hunting sling of velocity
Missiles
 e - 174 sling bullets
 g - 1054 stones (quivered)
Armour
 E - +2 mottled dragon scales (worn)
 F - a +0 cloak (worn)
 H - +0 shadow dragon scales
 U - a +2 buckler (worn)
Jewellery
 u - an uncursed ring of protection from fire
 y - an amulet of magic regeneration (around neck)
 G - a +2 ring of protection (right hand)
 J - an uncursed ring of protection from magic
 L - an uncursed ring of flight
 Z - a ring of protection from cold (left hand)
Wands
 d - a wand of heal wounds (4/9)
 j - a wand of teleportation (4/9)
 x - a wand of hasting (2/9)
 A - a wand of iceblast (12/15)
 B - a wand of lightning (0/15)
 O - a wand of disintegration (8/24)
 R - a wand of digging (8/24)
Scrolls
 i - a scroll of identify
 k - 3 scrolls of enchant weapon
 o - 18 scrolls of teleportation
 p - 3 scrolls of recharging
 r - 15 scrolls of remove curse
 s - 6 scrolls of magic mapping
 t - 14 scrolls of fog
 M - 4 scrolls of fear
 Q - 6 scrolls of blinking
Potions
 c - a potion of resistance
 f - 3 potions of invisibility
 l - 8 potions of agility
 m - a potion of cancellation
 v - 9 potions of curing
 C - 7 potions of flight
 D - 6 potions of haste
 K - 6 potions of heal wounds
 P - 3 potions of ambrosia
 V - 3 potions of magic
 X - 2 potions of brilliance
 Y - 6 potions of might
Miscellaneous
 n - a fan of gales
 q - a sack of spiders
 S - a phial of floods
Comestibles
 z - 13 bread rations
 W - 31 fruits


   Skills:
 + Level 12.6 Fighting
 - Level 8.9 Short Blades
 - Level 10.4 Armour
 + Level 20.9 Dodging
 + Level 22.5 Stealth
 - Level 8.3 Shields
 - Level 14.5 Spellcasting
 + Level 15.4 Hexes
 - Level 6.7 Charms
 * Level 9.3 Summonings
 - Level 3.8 Necromancy
 - Level 5.5 Translocations
 - Level 3.3 Ice Magic
 - Level 10.8 Invocations
 - Level 6.2 Evocations


You had 22 spell levels left.
You knew the following spells:

 Your Spells              Type           Power        Failure   Level  Hunger
a - Ensorcelled Hibernat  Hex/Ice        ######       1%          2    None
b - Confuse               Hex            ######..     1%          3    None
c - Tukima's Dance        Hex            ######..     1%          3    None
d - Dazzling Spray        Conj/Hex       ######       1%          3    None
e - Animate Skeleton      Necr           N/A          1%          1    None
f - Summon Mana Viper     Hex/Summ       ######..     1%          5    ###....
h - Summon Butterflies    Summ           ######..     1%          1    None
i - Invisibility          Hex            ######..     1%          6    #####..
r - Repel Missiles        Chrm/Air       ####..       1%          2    None
A - Apportation           Tloc           #####.....   1%          1    None


Dungeon Overview and Level Annotations

Branches:
Dungeon (15/15)            Temple (1/1) D:6            Lair (6/6) D:10
  Swamp (4/4) Lair:2       Spider (4/4) Lair:3        Slime (0/5) Lair:5
    Orc (2/2) D:12            Elf (1/3) Orc:2        Vaults (4/5) D:13
  Crypt (0/3) Vaults:3     Depths (3/5) D:15

Altars:
Ashenzari
Cheibriados
Dithmenos
Elyvilon
Fedhas
Gozag
Hepliaklqana
Kikubaaqudgha
Makhleb
Nemelex Xobeh
Okawaru
Qazlal
Ru
Sif Muna
Trog
Uskayaw
Vehumet
Xom
Yredelemnul
Zin
The Shining One
Jiyva
Lugonu

Shops:
D:7 ?   D:10 }   Orc:2 :*[(   Vaults:1 :*(?   Depths:1 *

Portals:
Hell: Depths:1 Depths:2 Depths:3
Abyss: Depths:1 Depths:2
Pandemonium: Depths:3
Ziggurat: Depths:2

Annotations:
Lair:6 come back, 2 exclusions
Spider:4 exclusion: 2 doors
Vaults:1 exclusion: orange crystal statue
Depths:2 !!, Sojobo
Depths:3 Jory, Margery


Innate Abilities, Weirdness & Mutations

You are very small and have problems with some larger weapons.
You are too small for most types of armour.
You have supernaturally acute eyesight. (SInv)
You are a herbivore.
You cover ground extremely quickly.
You need consume almost no food.


Message History

You hit the fire giant.
The fire giant is severely wounded.
Unknown command.
You hit the fire giant but do no damage.
The fire giant is severely wounded.
The fire giant is no longer blind.
Unknown command.
Casting: Dazzling Spray
Confirm with . or Enter, or press ? or * to list all spells.
Aiming: Dazzling Spray
Press: ? - help, Shift-Dir - straight line, f/p - fire giant
Aim: a fire giant, wielding a great sword of flaming (black smoke, severely wounded, umbra)
The spray of energy hits the fire giant.
The fire giant is almost dead.
Your shadow mimicks your spell!
The shadow shard hits the fire giant.
The fire giant hits you with a great sword of flaming!!
* * * LOW HITPOINT WARNING * * *
You emit a cloud of dark smoke.
The fire giant burns you!
You die...

###...§...V.# #.....
### ###.#####.# #.....
... #.# #.# #.....
...#######.# #V#
#.#### ...'....##.#
#.# #+ ...####..V.#
#.########### ...
#.#### #...........#
...
#.##############.#####
..y #.......§C@§§....#
... ##################
V.. ...


You could see a fire giant.

Vanquished Creatures
  A golden dragon (Depths:2)
  A lich (Depths:2)
  Jorgrun (Swamp:3)
  Rupert (D:12)
  2 tentacled monstrosities
  An acid blob (Lair:5)
  The ghost of mezriss the Stickfighter, an adept MiGl of Okawaru (Elf:1)
  3 sphinxes
  4 tengu reavers
  The ghost of vilekko the Warrior, a journeyman MiFi of Trog (Spider:1)
  4 fire giants
  7 frost giants
  The ghost of Naow the Eclecticist, an adept DECj of Vehumet (Swamp:4)
  4 ghost moths
  An orc warlord (Orc:2)
  8 vault wardens
  Aizul (Swamp:1)
  5 emperor scorpions
  12 ironheart preservers
  19 very ugly things
  7 entropy weavers
  2 vampire knights
  12 stone giants
  2 deep elf annihilators
  A merfolk javelineer (Depths:1)
  8 spark wasps
  7 ettins
  3 deep elf death magi
  A merfolk impaler (Depths:1)
  7 fire dragons
  12 yaktaur captains
  A jiangshi (Vaults:3)
  Josephine (D:14)
  Fannar (Orc:1)
  7 great orbs of eyes
  3 rakshasas
  14 ogre magi
  5 vault guards
  20 hydras
  A small abomination (Vaults:3)
  4 ice dragons
  An ice dragon (shapeshifter) (Depths:2)
  A spriggan air mage (Depths:2)
  3 death knights
  A catoblepas (D:15)
  Erica (Orc:1)
  10 centaur warriors
  6 alligators
  A death yak (Lair:5)
  10 deep troll shamans
  3 spriggan berserkers
  A vampire mage (Depths:2)
  4 dancing weapons
  5 orc high priests (Orc:2)
  2 tengu warriors
  7 deep troll earth magi
  5 deep elf knights
  15 hell knights
  2 shadow wraiths
  5 skeletal warriors (D:14)
  A fire crab (shapeshifter) (Depths:3)
  A soul eater (Depths:1)
  A storm dragon skeleton (Depths:2)
  5 iron trolls
  A spriggan druid (Swamp:3)
  3 unseen horrors
  37 deep trolls
  23 hill giants
  A shambling mangrove (Swamp:4)
  A flayed ghost (Vaults:4)
  A swamp dragon (shapeshifter) (Depths:2)
  3 glowing orange brains
  Pikel (D:9)
  2 phantasmal warriors (Depths:3)
  2 deep elf archers
  10 ironbrand convokers
  7 swamp dragons
  26 orb spiders
  3 necromancers
  43 wolf spiders
  12 orc knights
  6 wizards
  2 manticores
  23 deep elf magi
  2 harpies
  11 cyclopes
  5 orc sorcerers
  38 ugly things
  An elephant (shapeshifter) (Depths:2)
  2 salamanders (shapeshifter)
  A human skeleton (Vaults:1)
  9 elephants
  A moth of wrath (Spider:4)
  A frost giant skeleton (Depths:2)
  12 vault sentinels
  4 black mambas
  15 spiny frogs
  A torpor snail (Spider:1)
  2 human zombies (Vaults:1)
  3 rime drakes
  5 freezing wraiths
  An efreet (D:14)
  8 demonic crawlers
  A kobold demonologist (D:12)
  An ice devil (Depths:2)
  13 komodo dragons
  46 yaktaurs
  5 tengu conjurers
  46 jumping spiders
  12 trolls
  17 two-headed ogres
  A meliai (shapeshifter) (Depths:1)
  A hornet (shapeshifter) (Vaults:4)
  18 hornets
  Grinder (D:4)
  13 slime creatures
  2 polar bears (Lair:6)
  4 bog bodies
  6 tyrant leeches
  A two-headed ogre (shapeshifter) (D:14)
  A stone giant simulacrum (Vaults:1)
  9 hippogriffs
  A fire giant simulacrum (Depths:2)
  Sigmund (D:4)
  2 shadows
  100 redbacks
  An ettin skeleton (Depths:2)
  A tarantella (shapeshifter) (Depths:1)
  45 tarantellas
  2 wyverns
  7 wraiths
  8 spriggans
  33 yaks
  3 water elementals
  A hungry ghost (D:10)
  6 basilisks
  A steam dragon (Lair:6)
  21 vampire mosquitoes
  4 mottled dragons
  14 wargs
  14 insubstantial wisps
  A soldier ant (D:14)
  15 swamp worms
  2 floating eyes (Depths:2)
  10 porcupines
  2 sky beasts
  A hornet zombie (D:8)
  7 water moccasins
  12 swamp drakes
  3 black bears
  5 ice beasts
  A sky beast (shapeshifter) (Vaults:2)
  A meliai simulacrum (D:15)
  53 orc warriors
  An eye of draining (shapeshifter) (D:15)
  An eye of draining (D:14)
  44 ogres
  4 wolves (Lair:5)
  The ghost of giusalex1 the Slasher, an amateur HuMo (D:3)
  15 boggarts
  5 phantoms
  16 centaurs
  10 crocodiles
  Blork the orc (D:4)
  6 big kobolds
  16 bullfrogs
  A water moccasin zombie (D:11)
  9 scorpions
  An elf simulacrum (Vaults:3)
  19 killer bees
  5 electric eels
  6 howler monkeys
  3 wights
  13 crimson imps
  3 centaur zombies
  A bullfrog zombie (D:6)
  2 human simulacra
  A quasit (D:12)
  31 orc priests
  3 hounds
  5 jellies
  A bullfrog skeleton (D:8)
  5 centaur skeletons
  55 orc wizards
  5 iguanas
  4 hell rats (Lair:2)
  6 worker ants
  3 worker ant zombies
  3 gnolls (D:6)
  15 adders
  3 river rats (Sewer)
  2 shadow imps
  A white imp (Depths:2)
  An ufetubus (Depths:3)
  2 oozes (Sewer)
  An adder skeleton (D:4)
  8 worms
  2 dart slugs (D:1)
  4 leopard geckos
  122 orcs
  6 giant cockroaches
  9 goblins
  7 hobgoblins (D:1)
  18 jackals
  7 quokkas
  3 ball pythons
  14 bats
  6 frilled lizards
  A jackal skeleton (D:5)
  25 kobolds
  2 leopard gecko skeletons
  11 rats
  4 crawling corpses (Vaults:3)
1772 creatures vanquished.

Vanquished Creatures (collateral kills)
  A tentacled monstrosity (Depths:1)
  A lich (Depths:1)
  An ancient champion (Vaults:3)
  A vault warden (Vaults:3)
  An ettin (Orc:1)
  A fire dragon (Depths:2)
  A vault guard (Vaults:4)
  2 ogre magi (Vaults:3)
  A death knight (Vaults:4)
  A hell knight (Depths:3)
  A spriggan druid (Swamp:4)
  A hill giant (D:13)
  2 orc knights (Vaults:4)
  3 yaktaurs
  A troll (Vaults:4)
  11 two-headed ogres
  A warg (Vaults:4)
  6 orc warriors
  A swamp drake (Swamp:4)
  14 ogres
  6 wights
  2 orc priests
  2 orc wizards
  6 orcs
  A quokka (D:9)
69 creatures vanquished.

Vanquished Creatures (others)
  An orb spider (Spider:1)
  A jumping spider (Spider:3)
  20 dancing weapons
  A redback (Spider:2)
  A swamp worm (Swamp:1)
  A howler monkey (D:9)
  A bullfrog skeleton (D:9)
  2 orc wizards (Orc:2)
  An orc (Orc:2)
  2 bushes
  5 plants
36 creatures vanquished.

Grand Total: 1877 creatures vanquished

Notes
Turn   | Place    | Note
-------+----------+-------------------------------------------
     0 | D:1      | MirrMurr the Spriggan Enchanter began the quest for the Orb.
     0 | D:1      | Reached XP level 1. HP: 9/9 MP: 5/5
   286 | D:1      | Reached XP level 2. HP: 13/13 MP: 7/7
   290 | D:1      | Learned a level 2 spell: Ensorcelled Hibernation
   829 | D:1      | Reached XP level 3. HP: 10/16 MP: 2/8
   834 | D:1      | Learned a level 3 spell: Confuse
  1174 | D:2      | Reached skill level 5 in Stealth
  1327 | D:2      | Reached XP level 4. HP: 21/21 MP: 7/10
  1977 | D:3      | Noticed an ogre
  1983 | D:3      | Killed an ogre
  1983 | D:3      | Reached XP level 5. HP: 24/24 MP: 10/13
  2429 | D:3      | Noticed a black bear
  2623 | D:3      | Found an opulent altar of Gozag.
  2810 | D:3      | Killed a black bear
  2810 | D:3      | Reached skill level 5 in Spellcasting
  2810 | D:3      | Reached skill level 5 in Hexes
  2810 | D:3      | Reached XP level 6. HP: 6/28 MP: 15/15
  3265 | D:3      | Noticed giusalex1's ghost (amateur HuMo)
  3316 | D:3      | Killed giusalex1's ghost
  3316 | D:3      | Reached skill level 6 in Stealth
  3394 | D:3      | Learned a level 3 spell: Tukima's Dance
  3398 | D:3      | Learned a level 3 spell: Dazzling Spray
  3987 | D:4      | Found an iron altar of Okawaru.
  4070 | D:4      | Noticed Sigmund
  4077 | D:4      | Killed Sigmund
  4077 | D:4      | Reached XP level 7. HP: 32/32 MP: 15/17
  4435 | D:4      | Noticed Grinder
  4446 | D:4      | Noticed Blork the orc
  4450 | D:4      | Killed Grinder
  4450 | D:4      | Reached skill level 7 in Stealth
  4477 | D:4      | Killed Blork the orc
  4960 | D:4      | Found a glowing silver altar of Zin.
  4961 | D:4      | Noticed an angel
  5061 | D:4      | Found a faded altar of an unknown god.
  5061 | D:4      | Found a faded altar of an unknown god.
  5072 | D:4      | Found a glowing golden altar of the Shining One.
  5074 | D:4      | Found a faded altar of an unknown god.
  5076 | D:4      | Found a faded altar of an unknown god.
  5139 | D:4      | Reached XP level 8. HP: 36/36 MP: 20/20
  5173 | D:5      | Entered Level 5 of the Dungeon
  5399 | D:5      | Reached skill level 8 in Stealth
  5415 | D:5      | Reached skill level 5 in Short Blades
  5891 | D:5      | Found a glowing drain.
  5895 | Sewer    | Entered a sewer
  6846 | D:5      | Found a hazy altar of Hepliaklqana.
  6993 | D:6      | Found a staircase to the Ecumenical Temple.
  7006 | Temple   | Entered the Ecumenical Temple
  7058 | Temple   | Became a worshipper of Dithmenos the Shadowed
  7153 | D:6      | Reached skill level 9 in Stealth
  7236 | D:6      | Reached XP level 9. HP: 37/39 MP: 3/23
  8604 | D:6      | Reached * piety under Dithmenos
  8967 | D:6      | Reached skill level 10 in Stealth
  9924 | D:7      | Found Qoony's Magic Scroll Boutique.
  9933 | D:7      | Reached skill level 11 in Stealth
  9939 | D:7      | Bought a scroll of teleportation for 42 gold pieces
 10275 | D:7      | Found a stormy altar of Qazlal.
 10721 | D:7      | Reached skill level 5 in Dodging
 10742 | D:7      | Reached ** piety under Dithmenos
 11006 | D:7      | Found a white marble altar of Elyvilon.
 11006 | D:7      | Found a radiant altar of Vehumet.
 11007 | D:7      | Found a snail-covered altar of Cheibriados.
 11106 | D:8      | Reached XP level 10. HP: 44/44 MP: 9/24
 11320 | D:8      | Reached skill level 12 in Stealth
 11682 | D:8      | Reached *** piety under Dithmenos
 11778 | D:9      | Learned a level 2 spell: Repel Missiles
 12219 | D:9      | Found a stormy altar of Qazlal.
 12232 | D:9      | Noticed a centaur warrior
 12234 | D:9      | Killed a centaur warrior
 12234 | D:9      | Reached skill level 13 in Stealth
 12467 | D:9      | Noticed Pikel
 12492 | D:9      | Killed Pikel
 13356 | D:10     | Entered Level 10 of the Dungeon
 13490 | D:10     | Reached skill level 14 in Stealth
 13683 | D:10     | Found a staircase to the Lair.
 13896 | D:10     | Reached XP level 11. HP: 27/47 MP: 1/25
 14031 | D:10     | Found Wutros's Gadget Emporium.
 14089 | D:10     | Noticed a hill giant
 14095 | D:10     | Killed a hill giant
 14148 | D:10     | Reached skill level 10 in Hexes
 14246 | D:9      | Found a sacrificial altar of Ru.
 14360 | D:11     | Reached **** piety under Dithmenos
 14360 | D:11     | Reached skill level 1 in Fighting
 14450 | D:11     | Noticed an unseen horror
 14471 | D:11     | Killed an unseen horror
 15326 | Lair:1   | Entered Level 1 of the Lair of Beasts
 15481 | Lair:1   | Reached skill level 1 in Ice Magic
 15628 | Lair:1   | Reached skill level 15 in Stealth
 16235 | Lair:2   | Found a staircase to the Swamp.
 16683 | Lair:3   | Noticed a four-headed hydra
 16716 | Lair:3   | Killed a four-headed hydra
 16764 | Lair:3   | Reached XP level 12. HP: 58/58 MP: 15/26
 16779 | Lair:3   | You fall through a shaft for 2 floors!
 16813 | Lair:5   | Noticed an eight-headed hydra
 16820 | Lair:5   | Killed an eight-headed hydra
 16820 | Lair:5   | Reached skill level 10 in Dodging
 16905 | Lair:5   | Reached skill level 5 in Fighting
 17134 | Lair:4   | Reached skill level 1 in Charms
 17158 | Lair:4   | Reached ***** piety under Dithmenos
 17313 | Lair:3   | Noticed a four-headed hydra
 17377 | Lair:3   | Killed a four-headed hydra
 17377 | Lair:3   | Reached skill level 16 in Stealth
 17377 | Lair:3   | Reached skill level 1 in Shields
 18372 | Lair:3   | Found a hole to the Spider Nest.
 18903 | Lair:4   | Learned a level 1 spell: Apportation
 18949 | Lair:4   | Reached skill level 5 in Charms
 19544 | Lair:5   | Found a runed door.
 19544 | Lair:5   | Found a viscous altar of Jiyva.
 19544 | Lair:5   | Noticed an acid blob
 19548 | Lair:5   | Found a staircase to the Slime Pits.
 19553 | Lair:5   | Killed an acid blob
 19691 | Lair:5   | Noticed a death yak
 19694 | Lair:5   | Killed a death yak
 19694 | Lair:5   | Reached XP level 13. HP: 65/65 MP: 27/27
 20046 | Lair:6   | Entered Level 6 of the Lair of Beasts
 20538 | Lair:6   | Reached skill level 17 in Stealth
 20548 | Lair:6   | Reached skill level 1 in Translocations
 20707 | Lair:6   | Reached skill level 5 in Shields
 21640 | D:12     | Reached ****** piety under Dithmenos
 22006 | D:12     | Found a staircase to the Orcish Mines.
 22423 | D:12     | Noticed Rupert
 22660 | D:12     | Paralysed by Rupert for 6 turns
 23449 | D:12     | Killed Rupert
 23767 | D:13     | Reached XP level 14. HP: 72/72 MP: 28/28
 23908 | D:13     | Reached skill level 5 in Translocations
 24254 | D:13     | Found a gate to the Vaults.
 24554 | D:14     | Noticed Josephine
 24568 | D:14     | Killed Josephine
 25082 | D:14     | Reached skill level 18 in Stealth
 25724 | D:15     | Entered Level 15 of the Dungeon
 26084 | D:15     | Found a staircase to the Depths.
 26832 | Orc:1    | Entered Level 1 of the Orcish Mines
 27689 | Orc:1    | Noticed Erica
 27691 | Orc:1    | Killed Erica
 27711 | Orc:1    | Noticed Fannar
 28004 | Orc:1    | Reached XP level 15. HP: 78/78 MP: 29/29
 28007 | Orc:1    | Learned a level 1 spell: Animate Skeleton
 28449 | Orc:1    | what a f***ed up floor
 28505 | Orc:1    | Reached skill level 19 in Stealth
 28603 | Orc:1    | Killed Fannar
 28934 | Orc:2    | Entered Level 2 of the Orcish Mines
 29112 | Orc:2    | Found a staircase to the Elven Halls.
 29405 | Orc:2    | Reached skill level 15 in Dodging
 30852 | Swamp:1  | Entered Level 1 of the Swamp
 30852 | Swamp:1  | Noticed Aizul
 30855 | Swamp:1  | Killed Aizul
 32068 | Swamp:1  | Reached skill level 20 in Stealth
 32123 | Swamp:2  | Gained mutation: You are frail. (-10% HP) [potion of mutation]
 32175 | Lair:1   | Lost mutation: You are frail. (-10% HP) [potion of cure mutation]
 32887 | Swamp:3  | Noticed Jorgrun
 32892 | Swamp:3  | Killed Jorgrun
 32892 | Swamp:3  | Reached skill level 10 in Fighting
 33395 | Swamp:3  | Reached XP level 16. HP: 30/85 MP: 6/30
 34312 | Swamp:4  | Entered Level 4 of the Swamp
 34808 | Swamp:4  | Noticed Naow's ghost (adept DECj)
 34816 | Swamp:4  | Killed Naow's ghost
 35599 | Swamp:4  | Reached skill level 21 in Stealth
 35618 | Swamp:4  | Got a decaying rune of Zot
 35908 | Spider:1 | Entered Level 1 of the Spider Nest
 35915 | Spider:1 | Reached skill level 1 in Armour
 36012 | Spider:1 | Reached skill level 1 in Evocations
 36068 | Spider:1 | Noticed vilekko's ghost (journeyman MiFi)
 36114 | Spider:1 | Killed vilekko's ghost
 36130 | Spider:1 | Reached skill level 1 in Invocations
 38532 | Spider:2 | Reached skill level 5 in Evocations
 39235 | Spider:2 | Reached XP level 17. HP: 55/90 MP: 19/31
 39750 | Spider:2 | Reached skill level 5 in Invocations
 40495 | Spider:1 | Learned a level 5 spell: Summon Mana Viper
 40680 | Spider:2 | Reached skill level 1 in Summonings
 41578 | Spider:3 | Reached skill level 5 in Armour
 42628 | Spider:4 | Entered Level 4 of the Spider Nest
 45112 | Spider:4 | Reached skill level 5 in Summonings
 45126 | Spider:4 | Reached XP level 18. HP: 95/95 MP: 26/32
 45181 | Spider:4 | Got a gossamer rune of Zot
 46940 | Orc:2    | Found Farink's Antique Armour Shoppe.
 46941 | Orc:2    | Found Zeuvum's Antique Weapon Shoppe.
 46942 | Orc:2    | Found Enel's General Store.
 46942 | Orc:2    | Found Diciz's Book Emporium.
 46947 | Orc:2    | Bought a book of Party Tricks for 900 gold pieces
 46955 | Orc:2    | Learned a level 6 spell: Invisibility
 46965 | Orc:2    | Bought a polished dagger for 280 gold pieces
 46965 | Orc:2    | Identified the cursed +0 dagger "Vuwaifra" {flame, -Tele +Fly Str+4 Dex+3} (You bought it in a shop on level 2 of the Orcish Mines)
 46979 | Orc:2    | Learned a level 1 spell: Summon Butterflies
 47428 | Elf:1    | Entered Level 1 of the Elven Halls
 47839 | Elf:1    | Noticed mezriss's ghost (adept MiGl)
 48463 | Elf:1    | Killed mezriss's ghost
 48463 | Elf:1    | Reached skill level 10 in Spellcasting
 48983 | Elf:1    | Upgraded the game from 0.19.4-10-g532645f to 0.19.4-12-gccf7e64
 49378 | Depths:1 | Entered Level 1 of the Depths
 49563 | Depths:1 | Found Toicufeech's Pet Rocks.
 50407 | Depths:1 | Found a one-way gate to the infinite horrors of the Abyss.
 50691 | Depths:1 | Found a gateway to Hell.
 52150 | Depths:2 | Noticed a golden dragon
 52153 | Depths:2 | Killed a golden dragon
 52215 | Depths:2 | Noticed a lich
 52217 | Depths:2 | Killed a lich
 52775 | D:15     | Reached XP level 19. HP: 99/99 MP: 9/35
 53209 | Depths:2 | Found a corrupted altar of Lugonu.
 53219 | Depths:2 | Noticed Sojobo
 54090 | Depths:2 | Paralysed by a floating eye for 2 turns
 54226 | Depths:1 | Noticed a lich
 54709 | Depths:1 | Killed a lich
 55009 | Vaults:1 | Entered Level 1 of the Vaults
 55021 | Vaults:1 | Reached skill level 1 in Necromancy
 55290 | Vaults:1 | Found Soigeiro's General Store.
 55298 | Vaults:1 | Bought a potion of invisibility for 128 gold pieces
 55315 | Vaults:1 | Found Qeinaunt's Book Shoppe.
 56595 | Vaults:1 | Found Ijothripp's Magic Scroll Boutique.
 56602 | Vaults:1 | Bought 3 scrolls of blinking for 270 gold pieces
 56873 | Vaults:1 | Found Bapiq's Weapon Shoppe.
 56887 | Vaults:1 | Bought the +9 rapier "Zolub" {speed, rElec} for 1349 gold pieces
 58431 | Vaults:2 | Reached skill level 10 in Armour
 60135 | Vaults:2 | Reached XP level 20. HP: 103/104 MP: 23/38
 61994 | Vaults:2 | Reached skill level 10 in Invocations
 63385 | Vaults:3 | Found a staircase to the Crypt.
 63826 | Vaults:4 | Found a flickering gateway to a bazaar.
 63852 | Bazaar   | Entered a bazaar
 63852 | Bazaar   | Found Linaimi's General Store.
 63852 | Bazaar   | Found Lijif's General Store.
 63872 | Bazaar   | Found Dojag's General Store.
 63872 | Bazaar   | Found Xykadeq's General Store.
 63894 | Bazaar   | Found Piaxzom's General Store.
 63894 | Bazaar   | Found Mypamm's General Store.
 63916 | Bazaar   | Found Ycycux's General Store.
 63916 | Bazaar   | Found Liecoilo's General Store.
 63952 | Bazaar   | Bought a scroll of acquirement for 676 gold pieces
 63973 | Bazaar   | Bought a wand of heal wounds (4/9) for 432 gold pieces
 63973 | Bazaar   | Bought a potion of invisibility for 72 gold pieces
 63977 | Bazaar   | Bought a potion of invisibility for 88 gold pieces
 65794 | Vaults:4 | Reached XP level 21. HP: 110/110 MP: 37/40
 67696 | Depths:2 | Found a gateway to a ziggurat.
 67720 | Depths:2 | Found a sparkling altar of Nemelex Xobeh.
 69105 | Depths:2 | Reached skill level 22 in Stealth
 69388 | Depths:2 | Reached skill level 15 in Hexes
 72112 | Depths:3 | Found a one-way gate leading to the halls of Pandemonium.
 72338 | Depths:3 | Noticed Margery
 72394 | Depths:2 | Upgraded the game from 0.19.4-12-gccf7e64 to 0.19.4-25-g1b72edd
 72603 | Depths:3 | Noticed Jory
 72768 | Depths:3 | HP: 4/112 [fire giant/great sword of flaming (27)]
 72768 | Depths:3 | Slain by a fire giant

Skill      XL: |  1  2  3  4  5  6  7  8  9 10 11 12 13 14 15 16 17 18 19 20 21 |
---------------+----------------------------------------------------------------+-----
Spellcasting   | 3 4 5 6 7 9 11 13 14 | 14.5
Hexes          | 4 5 6 7 8 9 11 12 13 14 15 | 15.4
Stealth        | 5 6 7 9 11 14 15 16 17 18 20 21 22 | 22.5
Short Blades   | 2 3 4 5 7 8 |  8.9
Dodging        | 5 8 9 11 12 14 16 17 18 19 20 | 20.9
Fighting       | 4 6 7 8 10 11 12 | 12.6
Ice Magic      | 2 3 |  3.3
Charms         | 5 6 |  6.7
Shields        | 3 6 8 |  8.3
Translocations | 4 5 |  5.5
Armour         | 3 6 8 10 | 10.4
Evocations     | 5 6 |  6.2
Invocations    | 4 7 9 10 | 10.8
Summonings     | 5 7 9 |  9.3
Necromancy     | 1 2 3 |  3.8

Action                   |  1- 3 |  4- 6 |  7- 9 | 10-12 | 13-15 | 16-18 | 19-21 || total
-------------------------+-------+-------+-------+-------+-------+-------+-------++-------
Melee: Dagger            |   101 |   140 |   491 |   307 |  1124 |  1200 |   321 ||  3684
       Rapier            |       |       |       |       |       |       |   935 ||   935
 Fire: Hunting sling     |       |    25 |     5 |    40 |       |     4 |     9 ||    83
Throw: Stone             |       |       |       |       |     2 |     1 |       ||     3
 Cast: Corona            |     7 |       |       |       |       |       |       ||     7
       Ensorcelled Hiber |    15 |    23 |    91 |   152 |   287 |   415 |   387 ||  1370
       Confuse           |       |     7 |    38 |    29 |   159 |   290 |   312 ||   835
       Tukima's Dance    |       |       |    11 |     1 |    68 |    10 |    73 ||   163
       Dazzling Spray    |       |       |    14 |     4 |    47 |   102 |   126 ||   293
       Repel Missiles    |       |       |       |     1 |       |     4 |     5 ||    10
       Animate Skeleton  |       |       |       |       |     2 |     4 |       ||     6
       Apportation       |       |       |       |       |     1 |     2 |       ||     3
       Invisibility      |       |       |       |       |       |     4 |     4 ||     8
       Summon Butterflie |       |       |       |       |       |     1 |       ||     1
       Summon Mana Viper |       |       |       |       |       |       |    10 ||    10
Invok: Shadow Step       |       |       |       |       |     7 |    15 |    22 ||    44
Evoke: Wand              |       |       |       |     3 |     2 |       |     1 ||     6
       Phial of floods   |       |       |       |       |       |       |     2 ||     2
       Sack of spiders   |       |       |       |       |       |       |     1 ||     1
  Use: Scroll            |       |     1 |     4 |    14 |    10 |     9 |    10 ||    48
       Potion            |       |       |     1 |       |     3 |    11 |     4 ||    19
 Stab: Sleeping          |    20 |    25 |    54 |   137 |   275 |   327 |   262 ||  1100
       Distracted        |     1 |       |     3 |     1 |     2 |     3 |     7 ||    17
       Confused          |       |     3 |    14 |    12 |    96 |   151 |   167 ||   443
       Invisible         |       |       |     2 |     1 |     3 |    31 |    38 ||    75
  Eat: Pizza             |       |     1 |     1 |     2 |     1 |     2 |     2 ||     9
       Bread ration      |       |     1 |     1 |       |     1 |     1 |     2 ||     6
       Fruit             |       |       |       |       |     1 |    14 |     2 ||    17
       Royal jelly       |       |       |       |       |     2 |     2 |     1 ||     5
Armor: Robe              |    12 |    23 |    28 |     8 |    19 |     5 |       ||    95
       Swamp dragon scal |       |       |       |       |       |   101 |       ||   101
       Mottled dragon sc |       |       |       |       |       |    22 |    63 ||    85
Dodge: Dodged            |    86 |   125 |   338 |   189 |   346 |   763 |   698 ||  2545
       Deflected         |       |       |       |     1 |       |     4 |    15 ||    20
Block: Buckler           |       |       |       |    32 |   200 |   405 |   349 ||   986
